 Dungeon Crawl Stone Soup version 0.22.0-18-ge075c0d (webtiles) character file.

26 KLATTERAL the Charlatan (level 2, -16/14 HPs)
             Began as a Spriggan Artificer on Aug 18, 2018.
             Demolished by Terence
             ... wielding a +2 short sword of distortion
              (22 damage)
             ... on level 2 of the Dungeon.
             The game lasted 00:11:43 (1793 turns).

KLATTERAL the Charlatan (Spriggan Artificer)        Turns: 1793, Time: 00:11:44

Health: -16/14     AC: -1    Str:  5    XL:     2   Next: 89%
Magic:  6/6        EV: 19    Int: 12    God:
Gold:   81         SH:  0    Dex: 16    Spells: 1/1 levels left

rFire    . . .     SeeInvis +   h - +0 hunting sling
rCold    . . .     Gourm    .   (shield restricted)
rNeg     . . .     Faith    .   b - +0 robe
rPois    .         Spirit   .   (helmet restricted)
rElec    .         Reflect  .   (no cloak)
rCorr    .         Harm     .   (gloves unavailable)
MR       .....                  (boots unavailable)
Stlth    ++........             (no amulet)
HPRegen  0.04/turn              i - -3 ring of protection (curse)
MPRegen  0.10/turn              l - -3 ring of strength (curse)

@: very quick
A: very small, unfitting armour, see invisible, herbivore, speed 3, slow
metabolism 2
a: no special abilities


You were on level 2 of the Dungeon.
You were not hungry.

You visited 1 branch of the dungeon, and saw 2 of its levels.

You collected 81 gold pieces.

Inventory:

Hand Weapons
 a - a +0 short sword
 h - a +0 hunting sling (weapon)
 q - a +0 spear
Missiles
 j - 19 arrows
 m - 3 stones (quivered)
Armour
 b - a +0 robe (worn)
Jewellery
 i - a cursed -3 ring of protection (left hand)
 l - a cursed -3 ring of strength (right hand)
Wands
 c - a wand of flame (9)
 d - a wand of enslavement (14)
 e - a wand of random effects (15)
Scrolls
 g - 2 scrolls of amnesia
 k - a scroll of noise {unknown}
 n - a scroll of identify {unknown}
 o - a scroll of teleportation
 s - a scroll of enchant weapon {unknown}
Potions
 p - a potion of resistance {unknown}
 r - 2 potions of heal wounds {unknown}
Comestibles
 f - 3 rations


   Skills:
 + Level 0.9 Fighting
 + Level 1.4 Short Blades
 + Level 0.3 Slings
 * Level 3.5 Dodging
 + Level 1.6 Stealth
 + Level 4.8 Evocations


You had one spell level left.
You didn't know any spells.
Your spell library was empty.

Dungeon Overview and Level Annotations

Branches:
Dungeon (2/15)

Altars:

Annotations:
D:2 Terence


Innate Abilities, Weirdness & Mutations

You are very small and have problems with some larger weapons.
You are too small for most types of armour.
You have supernaturally acute eyesight. (SInv)
You are a herbivore.
You cover ground extremely quickly.
You need to consume almost no food.


Message History

Firing (i - inventory)
m - 6 stones (quivered)
Press: ? - help, Shift-Dir - straight line, f/p - Terence
Aim: Terence, wielding a short sword of distortion and wearing a scale mail (moderately wounded)
You shoot a stone. The stone barely misses Terence.
Firing (i - inventory)
m - 5 stones (quivered)
Press: ? - help, Shift-Dir - straight line, f/p - Terence
Aim: Terence, wielding a short sword of distortion and wearing a scale mail (moderately wounded)
Okay, then.
Firing (i - inventory)
m - 5 stones (quivered)
Press: ? - help, Shift-Dir - straight line, f/p - Terence
Aim: Terence, wielding a short sword of distortion and wearing a scale mail (moderately wounded)
You shoot a stone. The stone barely misses Terence.
Firing (i - inventory)
m - 4 stones (quivered)
Press: ? - help, Shift-Dir - straight line, f/p - Terence
Aim: Terence, wielding a short sword of distortion and wearing a scale mail (moderately wounded)
You shoot a stone. The stone closely misses Terence.
Terence hits you with a short sword of distortion.
Space warps horribly around you!
Ouch! That really hurt!
You die...

#.# ####.######
#####.#######.........######
######...........................
......>..........................
.# #######.#######.##.####.#####.
.# #.#######..(............ .#
#.#..........###..#####.
.#########.....@...#### #..#####.
.........'......@..# #รท.......
##########..(..........##)######.
#.##'############.# #.. #.##.#
###.#####.. #.##.### #..........
#.##...# #.#........ #......#
#..(....... #####.##...#
#.##.......
#.....##(..########'##.......


You could see Terence.

Vanquished Creatures
  An ooze (D:2)
  4 leopard geckos
  A ball python (D:2)
  A giant cockroach (D:1)
  2 hobgoblins (D:1)
  A bat (D:1)
  2 frilled lizards
  3 kobolds
  4 rats (D:1)
19 creatures vanquished.

Notes
Turn   | Place    | Note
-------+----------+-------------------------------------------
     0 | D:1      | KLATTERAL the Spriggan Artificer began the quest for the Orb.
     0 | D:1      | Reached XP level 1. HP: 9/9 MP: 4/4
   264 | D:2      | Reached XP level 2. HP: 1/14 MP: 6/6
  1752 | D:2      | Noticed Terence
  1793 | D:2      | Demolished by Terence

Action                   || total
-------------------------++-------
Melee: Short sword       ||    47
       Hunting sling     ||     1
 Fire: Hunting sling     ||    36
Evoke: Wand              ||     7
  Use: Scroll            ||     3
 Stab: Sleeping          ||     2
Armor: Robe              ||     2
Dodge: Dodged            ||    56
